 Dungeon Crawl Stone Soup version 0.28.0-53-g5a82cb258f (webtiles) character file.

Game seed: 5883616332341076392

625 hawla the Firebug (level 7, 0/37 HPs)
             Began as a Deep Elf Fire Elementalist on May 28, 2022.
             Engulfed by a steam dragon's steam (9 damage)
             ... on level 6 of the Dungeon.
             The game lasted 00:11:08 (4529 turns).

hawla the Firebug (Deep Elf Fire Elementalist)      Turns: 4529, Time: 00:11:09

Health: 0/37       AC:  4    Str:  5    XL:     7   Next: 23%
Magic:  12/17      EV: 14    Int: 22    God:
Gold:   340        SH:  0    Dex: 21    Spells: 10/17 levels left

rFire   . . .      SeeInvis .   n - +0 short sword
rCold   . . .      Faith    .   (no shield)
rNeg    . . .      Spirit   .   a - +0 robe
rPois   .          Reflect  .   j - +0 helmet
rElec   .          Harm     .   (no cloak)
rCorr   .          Rampage  .   (no gloves)
Will    .....                   q - +0 pair of boots
Stlth   ++++......              c - amulet of regeneration
HPRegen 0.92/turn               f - ring of the Wild Haggis {Dex+6 Stlth+}
MPRegen 0.15/turn               k - ring of wizardry

@: no status effects
A: no striking features
a: no special abilities


You were on level 6 of the Dungeon.
You visited 1 branch of the dungeon, and saw 6 of its levels.
You also visited: Ossuary.

You collected 340 gold pieces.

Inventory:

Hand Weapons
 n - a +0 short sword (weapon)
Missiles
 i - 17 poisoned darts
Armour
 a - a +0 robe (worn)
 j - a +0 helmet (worn)
 q - a +0 pair of boots (worn)
Magical Staves
 r - a staff of cold
Jewellery
 c - an amulet of regeneration (around neck)
 f - the ring of the Wild Haggis (left hand) {Dex+6 Stlth+}
   (You acquired it on level 3 of the Dungeon)

   [ring of dexterity]

   Dex:       It affects your dexterity (+6).
   Stlth:     It makes you more stealthy.
 h - a ring of protection from fire
 k - a ring of wizardry (right hand)
Wands
 d - a wand of paralysis (12)
 o - a wand of flame (25)
Scrolls
 e - a scroll of summoning
 m - 4 scrolls of teleportation
 p - a scroll of blinking {unknown}
Potions
 b - 2 potions of curing
 g - 2 potions of haste {unknown}
 l - a potion of ambrosia {unknown}
 s - 4 potions of brilliance {unknown}
 t - a potion of invisibility {unknown}
 u - 3 potions of flight
 v - 2 potions of attraction {unknown}
 w - a potion of berserk rage {unknown}


   Skills:
 + Level 0.8 Fighting
 + Level 1.3 Short Blades
 + Level 3.2 Dodging
 + Level 3.5 Stealth
 + Level 5.9 Spellcasting
 + Level 3.5 Conjurations
 + Level 6.2 Fire Magic


You had 10 spell levels left.
You knew the following spells:

 Your Spells              Type           Power      Damage    Failure   Level
a - Foxfire               Conj/Fire      100%       2x1d9     1%          1
b - Scorch                Fire           66%        2d8       1%          2
c - Flame Wave            Conj/Fire      27%        2d7       4%          4

Your spell library contained the following spells:

 Spells                   Type           Power      Damage    Failure   Level
 Conjure Flame            Conj/Fire      27%        6-21      1%          3
 Inner Flame              Hex/Fire       20%        N/A       3%          3
 Gell's Gravitas          Tloc           6%         N/A       12%         3
 Lesser Beckoning         Tloc           6%         N/A       12%         3
 Teleport Other           Tloc           6%         N/A       12%         3
 Fireball                 Conj/Fire      13%        3d7       14%         5
 Iskenderun's Battlesphe  Conj           21%        2d7       24%         5
 Conjure Ball Lightning   Conj/Air       7%         3x3d6     93%         6
 Orb of Destruction       Conj           10%        9d6       99%         7


Dungeon Overview and Level Annotations

Branches:
Dungeon (7/15)            Ossuary (visited)
 Temple: D:4-7

Altars:
Cheibriados
Hepliaklqana
Zin


Message History

Done exploring.
You have 340 gold pieces.
Sorry, you can't auto-travel out of here.
Okay, then.
Unknown command.
There is an open door here.
There is a gate leading back out of this place here.
Welcome back to the Dungeon!
The steam dragon closely misses you. The steam dragon claws you.
There is a collapsed entrance here.
Casting: Foxfire (safe; 1% risk of failure)
Confirm with . or Enter, or press ? or * to list all spells.
The spell is quite dangerous to miscast (4% risk of failure)!
Continue anyway?
Casting: Flame Wave (quite dangerous; 4% risk of failure)
Press: ? - help, Dir - look around, f - activate A wave of flame ripples out!
The flame wave engulfs the steam dragon.
The steam dragon is lightly wounded. (Press . to intensify the flame waves.)
The steam dragon breathes steam at you. The ball of steam hits you!
A wave of flame ripples out!
The flame wave engulfs the sky beast!
The sky beast is moderately wounded.
The flame wave engulfs the steam dragon.
The steam dragon is moderately wounded.
You are engulfed in a cloud of scalding steam.
* * * LOW HITPOINT WARNING * * *
The steam dragon bites you.
* * * LOW HITPOINT WARNING * * *
The steam dragon barely misses you. The sky beast closely misses you.
You feel better.
You are engulfed in a cloud of scalding steam.
The steam dragon barely misses you.
The steam dragon claws you but does no damage.
The sky beast hits you. The sky beast shocks you.
* * * LOW HITPOINT WARNING * * *
As you read the scroll of summoning, it crumbles to dust.
Wisps of shadow whirl around you...
You are engulfed in a cloud of scalding steam.
You die...

.........####...
.........#.###..
........#..###.
#.(#..('...###
###..#D.#....##
##D##....#.....#
#J@Y##...##....#
##ยง#o....###...'
###..#..####..#
#..##..#.###.#
...###..#..######+
#### #..+...###...
#..#....###..
#..#.....###.
#..##.....###


You could see a steam dragon (catching breath, ally target), a sky beast (ally
target), a friendly jelly (summoned) and a friendly orc (summoned).

Vanquished Creatures
  A phantom (D:6)
  A kobold brigand (D:6)
  A scorpion (D:4)
  A centaur zombie (D:6)
  2 hounds
  Terence (D:2)
  Natasha (thrice) (D:2)
  An iguana (D:7)
  8 mummies (Ossuary)
  3 adders
  A shadow imp (D:3)
  An ufetubus (D:6)
  2 worms (D:3)
  2 dart slugs
  An orc (D:6)
  4 bats (D:2)
  3 endoplasms
  A giant cockroach (D:3)
  4 goblins (D:1)
  4 hobgoblins
  8 kobolds
  A quokka (D:1)
  4 ball pythons
  2 frilled lizards
  3 hobgoblin zombies (Ossuary)
  4 kobold zombies (Ossuary)
  An orc zombie (Ossuary)
  2 rats (D:1)
  A spectral goblin (D:1)
71 creatures vanquished.

Vanquished Creatures (others)
  148 foxfires
148 creatures vanquished.

Grand Total: 219 creatures vanquished

Notes
Turn   | Place    | Note
-------+----------+-------------------------------------------
     0 | D:1      | hawla the Deep Elf Fire Elementalist began the quest for
                  | the Orb.
     0 | D:1      | Reached XP level 1. HP: 10/10 MP: 6/6
   249 | D:1      | Reached XP level 2. HP: 11/15 MP: 2/8
   673 | D:1      | Found a faded altar of an unknown god.
  1411 | D:2      | Found a snail-covered altar of Cheibriados.
  1428 | D:2      | Learned a level 2 spell: Scorch
  1604 | D:2      | Reached XP level 3. HP: 19/19 MP: 5/9
  1662 | D:2      | Noticed Natasha
  1667 | D:2      | Killed Natasha
  1668 | D:2      | Reached skill level 4 in Fire Magic
  1772 | D:2      | Noticed Terence
  1787 | D:2      | Killed Terence
  1788 | D:2      | Reached XP level 4. HP: 24/24 MP: 3/12
  1793 | D:2      | Learned a level 4 spell: Flame Wave
  2306 | D:2      | Noticed Natasha
  2313 | D:2      | Killed Natasha
  2546 | D:2      | Noticed Natasha
  2549 | D:2      | Killed Natasha
  2550 | D:2      | Reached XP level 5. HP: 24/28 MP: 6/13
  2597 | D:3      | Identified a scroll of acquirement
  2597 | D:3      | Acquired the ring of the Wild Haggis {Dex+6 Stlth+}
  2809 | D:3      | Reached skill level 5 in Fire Magic
  3040 | D:4      | Found a hazy altar of Hepliaklqana.
  3386 | D:4      | Found a glowing silver altar of Zin.
  3392 | D:4      | Reached XP level 6. HP: 28/32 MP: 8/14
  3472 | D:4      | You fall into a shaft and drop 3 floors!
  3535 | D:7      | Reached skill level 1 in Short Blades
  3737 | D:6      | Reached skill level 5 in Spellcasting
  4064 | D:6      | Reached XP level 7. HP: 23/37 MP: 7/17
  4078 | D:6      | Found a sand-covered staircase.
  4079 | D:6      | Noticed a steam dragon
  4088 | Ossuary  | Entered an ossuary
  4213 | Ossuary  | Reached skill level 6 in Fire Magic
  4529 | D:6      | Engulfed by a steam dragon's steam

Illustrated notes

Levels and vault maps discovered:
D:1:      roderic_octagonal_star, layout_basic,
          dreamdust_ecumenical_altar_drowned_temple, minmay_pentomino_z2
D:2:      layout_basic, serial_aquarium, aquarium_bridge_square
          [aquarium_subvault_window, aquarium_subvault_window,
          aquarium_subvault_wall, aquarium_subvault_bridge],
          aquarium_window_corner, aquarium_window_1, aquarium_window_2,
          aquarium_view_2c, aquarium_view_2a, basic_altar, uniq_natasha,
          uniq_terence
D:3:      layout_rooms
D:4:      layout_basic, overflow_temple_1_default,
          nicolae_hepliaklqana_hazy_memory, uniq_crazy_yiuf_cottage,
          uniq_edmund, uniq_blork_the_orc
D:6:      layout_basic, kennysheep_mini_moat, minmay_temple_entry_offerings,
          enter_ossuary_5, gammafunk_ghost_smash, minmay_quadrilaterals
D:7:      layout_rooms, general_overflow_altar, jmf_multi_god_temple,
          eino_curves_04, kennysheep_generic_room_6, uniq_maggie, uniq_joseph

Skill      XL: |  1  2  3  4  5  6  7 |
---------------+----------------------+-----
Stealth        | 3 |  3.5
Fire Magic     | 4 5 6 |  6.2
Spellcasting   | 4 5 |  5.9
Conjurations   | 2 3 |  3.5
Short Blades   | 1 |  1.3
Dodging        | 3 |  3.2
Fighting       | |  0.8

Action                   |  1- 3 |  4- 6 |  7- 9 || total
-------------------------+-------+-------+-------++-------
Melee: Unarmed           |    15 |       |       ||    15
       Short sword       |       |    25 |     1 ||    26
       Punch             |       |     1 |       ||     1
 Cast: Foxfire           |    48 |    23 |    22 ||    93
       Scorch            |     5 |    26 |     1 ||    32
       Flame Wave        |       |     3 |     3 ||     6
  Use: Scroll            |     4 |     3 |     1 ||     8
       Potion            |       |     1 |     2 ||     3
 Stab: Sleeping          |     1 |     3 |       ||     4
Armor: Robe              |     3 |    10 |     1 ||    14
Dodge: Dodged            |    21 |    36 |     4 ||    61
